Workbook

Sheet Question One a
B1: Question One
B2: Income Statement (in millions $) | E2: Profoma Income Statement
B3: Year ending December 31, 2018 | D3: Sales Percent | E3: Year Ending December 31, 2019
B4: Sales | C4: 53700 | D4: =C4/$C$4 -> 1 | E4: =(1 + C17) *C4 -> 56385 | F4: Assumptions
B5: Cost of sales | C5: 9600 | D5: =C5/$C$4 -> 0.17877095 | E5: =D5 * $E$4 -> 10080 | F5: pro-forma amortization expense | G5: armotization expence 2018/intangible assets 2017
B6: Depreciation | C6: 1500 | D6: =C6/$G$8 -> 0.10791367 | E6: =D6 * $E$4 -> 6084.7122 | F6: other expenses remain constant.
B7: Amortization | C7: 4900 | D7: =$C$7/$G$9 -> 0.041952055 | E7: =D7 * $E$4 -> 2365.4666 | F7: Assumptions for the Year ended 31 December 2017 (in millions $)
B8: Gross Income | C8: 37700 | D8: =C8/$C$4 -> 0.70204842 | E8: =E4 - (E5+E6+E7) -> 37854.821 | F8: net property, plant, and equipment | G8: 13900
B9: Selling, general, administrative expenses | C9: 14400 | D9: =C9/$C$4 -> 0.26815642 | E9: =C9 -> 14400 | F9: intangible assets | G9: 116800
B10: Research and Development | C10: 8000 | D10: =C10/$C$4 -> 0.14897579 | E10: =C10 -> 8000 | F10: long-term debt | G10: 69700
B11: Other expenses | C11: 2100 | D11: =C11/$C$4 -> 0.039106145 | E11: =C11 -> 2100
B12: Interest Expense | C12: 1300 | D12: =C12/$C$4 -> 0.024208566 | E12: =C12 -> 1300
B13: Pre-Tax income | C13: 11900 | D13: =C13/$C$4 -> 0.22160149 | E13: =E8-(E9+E10+E11+E12) -> 12054.821
B14: Tax | C14: 700 | D14: =C14/C13 -> 0.058823529 | E14: =D14 * E13 -> 709.10713
B15: Net Income | C15: 11200 | D15: =C15/$C$4 -> 0.20856611 | E15: =E13-E14 -> 11345.714
B17: Projected Sales Growth Rate 2019 | C17: 0.05
B18: Assumptions
B19: Expenses that would rise with sales are cost of sales, gross income
B20: Selling general, administrative expense remains constant
B21: Research and development remain constant
B22: Other expenses remain constant
B23: Interest expense remains constant
B24: Depreciation cost is ratio of depreciation and cost of depreciatable equipment in 2017
B25: Tax percentage has been taken to be ratio of tax to pretax income for the previous year

Sheet Question one b,c,d,e
B1: Question one (b)
B3: Assumptions
B4: other current assets, intangible assets, and other current liabilities remain constant
B5: pro-forma short-term debt | C5: short term debt / COGS 2018
B6: Sales growth rate | C6: 0.05
B7: Property, plant and equipment Increase | C7: 6000
B8: Dividends payable | C8: 12000
B9: Depreciation occurs on net property, plant and equipment
B10: Rate of Depreciation | C10: =(13900 - 13400)/13900 -> 0.035971223
B11: Short term debt Ratio | C11: =C27/'Question One a'!C5 -> 0.91666667
B13: Balance Sheet (in millions $) | E13: Proforma Balance Sheet (in millions $)
B14: Year Ended December 31, 2018 | E14: Year Ending December 31, 2019
B15: Assets | E15: Assets
B16: Cash | C16: 18800 | E16: Cash | F16: =C16 * (1 + $C$6) -> 19740
B17: Net Receivables | C17: 8000 | E17: Net Receivables | F17: =C17 * (1 + $C$6) -> 8400
B18: Inventory | C18: 7500 | E18: Inventory | F18: =C18 * (1 + $C$6) -> 7875
B19: Other Current Assets | C19: 15600 | E19: Other Current Assets | F19: =C19 -> 15600
B20: Current Assets | C20: 49900 | E20: Current Assets | F20: =SUM(F16:F19) -> 51615
B21: Net Property, Plant, Equipment | C21: 13400 | E21: Net property, Plant, equipment | F21: =C21 - (C21 * C10) + $C$7 -> 18917.986
B22: Intangible Assets | C22: 96100 | E22: Intangible Assets | F22: =C22 -> 96100
B23: Total Assets | C23: 159400 | E23: Total Assets | F23: =SUM(F20:F22) -> 166632.99
B25: Liabilities and Equity | E25: Liabilities and Equity
B26: Accounts Payable | C26: 4700 | E26: Accounts Payable | F26: =C26 * (1 + $C$6) -> 4935
B27: Short Term Debt | C27: 8800 | E27: Short Term Debt | F27: =C11*C27 -> 8066.6667
B28: Other Current Liabilities | C28: 18400 | E28: Other Current Liabilities | F28: =C28 -> 18400
B29: Current Liabilities | C29: 31900 | E29: Current Liabilities | F29: =SUM(F26:F28) -> 31401.667
B30: Long Term Debt | C30: 63800 | E30: Dividends | F30: =C8 -> 12000
B31: Total Liabilities | C31: 95700 | E31: depreciation | F31: =C21-(F21-C7) -> 482.01439
B32: Total Stockholders’ Equity | C32: 63700 | E32: Long Term Debt | F32: =C30 -4750.69 -> 59049.31
B33: Total Liabilities and Equity | C33: 159400 | E33: Total Liabilities | F33: =SUM(F29:F32) -> 102932.99
E34: Total Stockholders’ Equity | F34: =C32 -> 63700
E35: Total Liabilities and Equity | F35: =SUM(F33:F34) -> 166632.99
E38: Total Assets is less than total liabilities, so we retire the long term debt equal to the difference to balance the sheet
E39: The total amount retired | F39: 4750.69
B41: Question one, C
B42: Net Income | C42: ='Question One a'!E15 -> 11345.714
B43: Interest | C43: ='Question One a'!E12 -> 1300
B44: Depreciation | C44: ='Question One a'!E6 -> 6084.7122
B45: Amortization | C45: ='Question One a'!E7 -> 2365.4666
B46: Property, equipment, plant | C46: =C7 -> 6000
B47: Current assets (less cash) | C47: =F20-F16 -> 31875
B48: current liabilities (less accounts payable) | C48: =F29-F26 -> 26466.667
B49: Free Cash Flow (FCF) | C49: =('Question One a'!E15+'Question One a'!E12+'Question One a'!E6+'Question One a'!E7)-'Question one b,c,d,e'!C7-(('Question one b,c,d,e'!F20-'Question one b,c,d,e'!F16)-('Question one b,c,d,e'!F29-'Question one b,c,d,e'!F26)) -> 9687.5595
B51: Question one (d)
B52: Amounts payable to investors | C52: =C8+'Question One a'!E12 -> 13300
B53: Excess amount payable to investors | C53: =C52-C49 -> 3612.4405
B55: Question one , e
B56: Profoma FCF growth | C56: 0.02 | D56: =C56*C49 -> 193.75119
B57: Profoma FCF | C57: =(1 + C56) *C49 -> 9881.3107
B58: Beta Assets | C58: 0.45 | D58: =C58*C57 -> 4446.5898
B59: Risk free rate | C59: 0.022 | D59: =C59*C57 -> 217.38884
B60: Market risk premium | C60: 0.05 | D60: =C60*C57 -> 494.06554
B63: Market Asset Value | C63: =(D60*D58)+D59 -> 2197124.2

Sheet question two
A1: Contract Name | B1: Last Trade Date | C1: Strike | D1: Last Price | E1: Bid | F1: Ask | G1: Change | H1: % Change | I1: Volume | J1: Open Interest | K1: Implied Volatility
A2: PFE211008C00035000 | B2: 2021-01-30 12:14PM EDT | C2: 35 | D2: 8.4 | E2: 7.8 | F2: 8.35 | G2: 0 | H2: - | I2: 6 | J2: 8 | K2: 1.1484
A3: PFE211008C00036000 | B3: 2021-01-30 9:49AM EDT | C3: 36 | D3: 7.85 | E3: 6.8 | F3: 7.05 | G3: 0 | H3: - | I3: 1 | J3: 4 | K3: 0.9766
A4: PFE211008C00037000 | B4: 2021-02-01 9:39AM EDT | C4: 37 | D4: 4.75 | E4: 5.75 | F4: 6.05 | G4: -2.3 | H4: -0.3262 | I4: 1 | J4: 2 | K4: 0.8535
A5: PFE211008C00038000 | B5: 2021-02-01 10:41AM EDT | C5: 38 | D5: 3.95 | E5: 4.8 | F5: 5.25 | G5: -1.75 | H5: -0.307 | I5: 3 | J5: 4 | K5: 0.6914
A6: PFE211008C00039000 | B6: 2021-02-01 10:05AM EDT | C6: 39 | D6: 3.15 | E6: 3.6 | F6: 4.05 | G6: -1.28 | H6: -0.2889 | I6: 1 | J6: 5 | K6: 0.6094
A7: PFE211008C00040000 | B7: 2021-02-01 3:46PM EDT | C7: 40 | D7: 2.99 | E7: 2.79 | F7: 3.05 | G7: -0.08 | H7: -0.0261 | I7: 179 | J7: 122 | K7: 0.4844
A8: PFE211008C00040500 | B8: 2021-02-01 2:19PM EDT | C8: 40.5 | D8: 2.45 | E8: 2.38 | F8: 2.56 | G8: -0.59 | H8: -0.1941 | I8: 18 | J8: 7 | K8: 0.4316
A9: PFE211008C00041000 | B9: 2021-02-01 3:45PM EDT | C9: 41 | D9: 2.11 | E9: 1.94 | F9: 2.09 | G9: 0.31 | H9: 0.1722 | I9: 95 | J9: 6 | K9: 0.3926
A10: PFE211008C00041500 | B10: 2021-02-01 2:13PM EDT | C10: 41.5 | D10: 1.55 | E10: 1.49 | F10: 1.65 | G10: -0.56 | H10: -0.2654 | I10: 165 | J10: 12 | K10: 0.3652
A11: PFE211008C00042000 | B11: 2021-02-01 3:57PM EDT | C11: 42 | D11: 1.21 | E11: 1.11 | F11: 1.23 | G11: -0.11 | H11: -0.0833 | I11: 2513 | J11: 195 | K11: 0.335
A12: PFE211008C00042500 | B12: 2021-02-01 3:59PM EDT | C12: 42.5 | D12: 0.82 | E12: 0.79 | F12: 0.87 | G12: 0.82 | H12: - | I12: 1153 | J12: 139 | K12: 0.3164
A13: PFE211008C00043000 | B13: 2021-02-01 3:59PM EDT | C13: 43 | D13: 0.56 | E13: 0.54 | F13: 0.57 | G13: -0.11 | H13: -0.1642 | I13: 3040 | J13: 1074 | K13: 0.3008
A14: PFE211008C00043500 | B14: 2021-02-01 3:58PM EDT | C14: 43.5 | D14: 0.35 | E14: 0.33 | F14: 0.37 | G14: -0.09 | H14: -0.2045 | I14: 1407 | J14: 1337 | K14: 0.3037
A15: PFE211008C00044000 | B15: 2021-02-01 3:59PM EDT | C15: 44 | D15: 0.19 | E15: 0.19 | F15: 0.22 | G15: -0.08 | H15: -0.2963 | I15: 2444 | J15: 2391 | K15: 0.3018
A16: PFE211008C00044500 | B16: 2021-02-01 3:58PM EDT | C16: 44.5 | D16: 0.11 | E16: 0.1 | F16: 0.13 | G16: -0.06 | H16: -0.3529 | I16: 565 | J16: 1236 | K16: 0.3066
A17: PFE211008C00045000 | B17: 2021-02-01 3:59PM EDT | C17: 45 | D17: 0.06 | E17: 0.06 | F17: 0.07 | G17: -0.04 | H17: -0.4 | I17: 1450 | J17: 1841 | K17: 0.3066
A18: PFE211008C00045500 | B18: 2021-02-01 3:58PM EDT | C18: 45.5 | D18: 0.05 | E18: 0.03 | F18: 0.05 | G18: 0 | H18: - | I18: 317 | J18: 742 | K18: 0.332
A19: PFE211008C00046000 | B19: 2021-02-01 3:59PM EDT | C19: 46 | D19: 0.03 | E19: 0.02 | F19: 0.03 | G19: -0.01 | H19: -0.25 | I19: 1517 | J19: 2227 | K19: 0.3399
A20: PFE211008C00046500 | B20: 2021-02-01 3:59PM EDT | C20: 46.5 | D20: 0.02 | E20: 0.01 | F20: 0.02 | G20: -0.01 | H20: -0.3333 | I20: 80 | J20: 273 | K20: 0.3594
A21: PFE211008C00047000 | B21: 2021-03-01 3:03PM EDT | C21: 47 | D21: 0.02 | E21: 0.01 | F21: 0.02 | G21: -0.03 | H21: -0.6 | I21: 53 | J21: 1591 | K21: 0.3984
A22: PFE211008C00047500 | B22: 2021-02-01 3:10PM EDT | C22: 47.5 | D22: 0.01 | E22: 0.01 | F22: 0.02 | G22: -0.01 | H22: -0.5 | I22: 140 | J22: 215 | K22: 0.4375
A23: PFE211008C00048000 | B23: 2021-02-01 3:59PM EDT | C23: 48 | D23: 0.02 | E23: 0 | F23: 0.02 | G23: -0.01 | H23: -0.3333 | I23: 34 | J23: 657 | K23: 0.4688
A24: PFE211008C00048500 | B24: 2021-02-30 2:30PM EDT | C24: 48.5 | D24: 0.01 | E24: 0 | F24: 0.02 | G24: 0 | H24: - | I24: 30 | J24: 64 | K24: 0.5078
A25: PFE211008C00049000 | B25: 2021-02-01 10:01AM EDT | C25: 49 | D25: 0.01 | E25: 0 | F25: 0.01 | G25: 0 | H25: - | I25: 30 | J25: 1646 | K25: 0.4922
A26: PFE211008C00049500 | B26: 2021-02-28 9:55AM EDT | C26: 49.5 | D26: 0.02 | E26: 0 | F26: 0.02 | G26: 0 | H26: - | I26: 2 | J26: 17 | K26: 0.5313
A27: PFE211008C00050000 | B27: 2021-02-01 1:11PM EDT | C27: 50 | D27: 0.01 | E27: 0 | F27: 0.01 | G27: 0 | H27: - | I27: 1 | J27: 1124 | K27: 0.5156
A28: PFE211008C00050500 | B28: 2021-02-30 3:55PM EDT | C28: 50.5 | D28: 0.01 | E28: 0 | F28: 0.04 | G28: 0 | H28: - | I28: 177 | J28: 229 | K28: 0.6484
A29: PFE211008C00051000 | B29: 2021-02-01 10:41AM EDT | C29: 51 | D29: 0.04 | E29: 0 | F29: 0.01 | G29: 0.03 | H29: 3 | I29: 5 | J29: 713 | K29: 0.5625
A30: PFE211008C00052000 | B30: 2021-02-29 2:22PM EDT | C30: 52 | D30: 0.03 | E30: 0 | F30: 0.01 | G30: 0 | H30: - | I30: 5 | J30: 700 | K30: 0.625
A31: PFE211008C00053000 | B31: 2021-02-28 12:37PM EDT | C31: 53 | D31: 0.03 | E31: 0 | F31: 0.01 | G31: 0 | H31: - | I31: 3 | J31: 132 | K31: 0.6875
A32: PFE211008C00054000 | B32: 2021-02-01 2:43PM EDT | C32: 54 | D32: 0.03 | E32: 0 | F32: 0.03 | G32: 0.02 | H32: 2 | I32: 1 | J32: 136 | K32: 0.8281
A33: PFE211008C00055000 | B33: 2021-02-01 11:25AM EDT | C33: 55 | D33: 0.01 | E33: 0 | F33: 0.01 | G33: 0 | H33: - | I33: 1 | J33: 394 | K33: 0.7813
A34: PFE211008C00056000 | B34: 2021-02-23 3:45PM EDT | C34: 56 | D34: 0.03 | E34: 0 | F34: 0.01 | G34: 0 | H34: - | I34: - | J34: 146 | K34: 0.8438
A35: PFE211008C00060000 | B35: 2021-02-23 12:10PM EDT | C35: 60 | D35: 0.01 | E35: 0 | F35: 0.01 | G35: 0 | H35: - | I35: 2 | J35: 275 | K35: 1.0313
A36: PFE211008C00065000 | B36: 2021-02-29 10:08AM EDT | C36: 65 | D36: 0.01 | E36: 0 | F36: 0.01 | G36: 0 | H36: - | I36: 80 | J36: 602 | K36: 1.25
A37: PFE211008C00070000 | B37: 2021-02-30 10:00AM EDT | C37: 70 | D37: 0.01 | E37: 0 | F37: 0.02 | G37: 0 | H37: - | I37: 10 | J37: 1262 | K37: 1.5313
A38: PFE211008P00035000 | B38: 2021-02-01 2:57PM EDT | C38: 35 | D38: 0.01 | E38: 0 | F38: 0.01 | G38: -0.02 | H38: -0.6667 | I38: 59 | J38: 688 | K38: 0.6875
A39: PFE211008P00036000 | B39: 2021-02-01 10:21AM EDT | C39: 36 | D39: 0.01 | E39: 0 | F39: 0.01 | G39: -0.03 | H39: -0.75 | I39: 57 | J39: 650 | K39: 0.5938
A40: PFE211008P00037000 | B40: 2021-02-01 1:44PM EDT | C40: 37 | D40: 0.01 | E40: 0.01 | F40: 0.03 | G40: 0 | H40: - | I40: 111 | J40: 131 | K40: 0.6094
A41: PFE211008P00038000 | B41: 2021-02-01 3:35PM EDT | C41: 38 | D41: 0.02 | E41: 0.01 | F41: 0.02 | G41: 0.01 | H41: 1 | I41: 129 | J41: 581 | K41: 0.5
A42: PFE211008P00039000 | B42: 2021-02-01 3:59PM EDT | C42: 39 | D42: 0.03 | E42: 0.02 | F42: 0.03 | G42: 0.01 | H42: 0.5 | I42: 680 | J42: 411 | K42: 0.4531
A43: PFE211008P00040000 | B43: 2021-02-01 3:59PM EDT | C43: 40 | D43: 0.05 | E43: 0.03 | F43: 0.05 | G43: -0.02 | H43: -0.2857 | I43: 1022 | J43: 1198 | K43: 0.3906
A44: PFE211008P00040500 | B44: 2021-02-01 3:37PM EDT | C44: 40.5 | D44: 0.06 | E44: 0.06 | F44: 0.07 | G44: -0.01 | H44: -0.1429 | I44: 371 | J44: 240 | K44: 0.3633
A45: PFE211008P00041000 | B45: 2021-02-01 3:58PM EDT | C45: 41 | D45: 0.11 | E45: 0.09 | F45: 0.11 | G45: 0.02 | H45: 0.2222 | I45: 1084 | J45: 4759 | K45: 0.3477
A46: PFE211008P00041500 | B46: 2021-02-01 3:53PM EDT | C46: 41.5 | D46: 0.14 | E46: 0.15 | F46: 0.18 | G46: -0.01 | H46: -0.0667 | I46: 961 | J46: 342 | K46: 0.3369
A47: PFE211008P00042000 | B47: 2021-02-01 3:56PM EDT | C47: 42 | D47: 0.25 | E47: 0.25 | F47: 0.28 | G47: -0.05 | H47: -0.1667 | I47: 1548 | J47: 3384 | K47: 0.3232
A48: PFE211008P00042500 | B48: 2021-02-01 3:59PM EDT | C48: 42.5 | D48: 0.44 | E48: 0.4 | F48: 0.44 | G48: -0.01 | H48: -0.0222 | I48: 919 | J48: 1066 | K48: 0.3164
A49: PFE211008P00043000 | B49: 2021-02-01 3:58PM EDT | C49: 43 | D49: 0.65 | E49: 0.59 | F49: 0.67 | G49: 0.01 | H49: 0.0156 | I49: 920 | J49: 5516 | K49: 0.3164
A50: PFE211008P00043500 | B50: 2021-02-01 3:59PM EDT | C50: 43.5 | D50: 0.96 | E50: 0.88 | F50: 0.95 | G50: 0.06 | H50: 0.0667 | I50: 159 | J50: 331 | K50: 0.3096
A51: PFE211008P00044000 | B51: 2021-02-01 3:43PM EDT | C51: 44 | D51: 1.17 | E51: 1.24 | F51: 1.34 | G51: 0.05 | H51: 0.0446 | I51: 195 | J51: 840 | K51: 0.332
A52: PFE211008P00044500 | B52: 2021-02-01 3:49PM EDT | C52: 44.5 | D52: 1.67 | E52: 1.57 | F52: 1.83 | G52: 0.36 | H52: 0.2748 | I52: 24 | J52: 235 | K52: 0.3994
... A55: PFE211008P00046000 | B55: 2021-02-01 3:37PM EDT | C55: 46 | D55: 3.04 | E55: 3 | F55: 3.2 | G55: 0.39 | H55: 0.1472 | I55: 304 | J55: 380 | K55: 0.4785
A56: PFE211008P00046500 | B56: 2021-01-30 12:22PM EDT | C56: 46.5 | D56: 3.1 | E56: 3.35 | F56: 3.7 | G56: 0 | H56: - | I56: 1 | J56: 9 | K56: 0.5313
A57: PFE211008P00047000 | B57: 2021-01-30 3:37PM EDT | C57: 47 | D57: 3.7 | E57: 3.85 | F57: 4.2 | G57: 0 | H57: - | I57: 9 | J57: 89 | K57: 0.582
A58: PFE211008P00047500 | B58: 2021-01-28 11:00AM EDT | C58: 47.5 | D58: 4.75 | E58: 4.25 | F58: 4.7 | G58: 4.75 | H58: - | I58: - | J58: 28 | K58: 0.6309
A59: PFE211008P00048000 | B59: 2021-01-30 10:15AM EDT | C59: 48 | D59: 4.3 | E59: 4.85 | F59: 5.2 | G59: 0 | H59: - | I59: 3 | J59: 41 | K59: 0.6777
A60: PFE211008P00048500 | B60: 2021-01-29 9:36AM EDT | C60: 48.5 | D60: 5.35 | E60: 5.4 | F60: 5.75 | G60: 0 | H60: - | I60: - | J60: 4 | K60: 0.7852
A61: PFE211008P00049000 | B61: 2021-01-01 2:01PM EDT | C61: 49 | D61: 6.15 | E61: 5.7 | F61: 6.2 | G61: 1.45 | H61: 0.3085 | I61: 1 | J61: 568 | K61: 0.7695
A62: PFE211008P00049500 | B62: 2021-01-22 2:08PM EDT | C62: 49.5 | D62: 5.64 | E62: 6.2 | F62: 6.65 | G62: 0 | H62: - | I62: - | J62: 36 | K62: 0.7344
A63: PFE211008P00050000 | B63: 2021-01-01 2:19PM EDT | C63: 50 | D63: 7.08 | E63: 6.75 | F63: 7.3 | G63: 0.62 | H63: 0.096 | I63: 2 | J63: 17 | K63: 0.9844
A64: PFE211008P00050500 | B64: 2021-01-22 2:09PM EDT | C64: 50.5 | D64: 6.43 | E64: 7.15 | F64: 7.7 | G64: 0 | H64: - | I64: - | J64: 41 | K64: 0.8984
A65: PFE211008P00051000 | B65: 2021-01-28 10:23AM EDT | C65: 51 | D65: 8.4 | E65: 7.7 | F65: 8.25 | G65: 0 | H65: - | I65: 2 | J65: 43 | K65: 1.0117
A66: PFE211008P00052000 | B66: 2021-01-27 9:31AM EDT | C66: 52 | D66: 8.05 | E66: 8.85 | F66: 9.2 | G66: 0 | H66: - | I66: 1 | J66: 1 | K66: 1.0215
A67: PFE211008P00056000 | B67: 2021-01-22 12:40PM EDT | C67: 56 | D67: 11.69 | E67: 12.8 | F67: 13.25 | G67: 0 | H67: - | I67: - | J67: 0 | K67: 1.4063
A68: PFE211008P00060000 | B68: 2021-02-01 9:50AM EDT | C68: 60 | D68: 17.85 | E68: 16.7 | F68: 17.2 | G68: 2.61 | H68: 0.1713 | I68: 1 | J68: 0 | K68: 1.5781
A72: b | B72: Net price | C72: =AVERAGE(G2:G68) -> 0.081791045
A81: c | B81: Spread betting: a derivative price strategy, in which participants do not own the underlying asset they bet on, such as a stock or commodity. Rather, spread bettors simply speculate on whether the asset's price will rise or fall, using the prices offered to them by a broker.
